 Dungeon Crawl Stone Soup version 0.31-a0-237-g2d982f9f85 (webtiles) character file.

Game seed: 7352705912859929218

58 qw the Shooter (level 3, -5/29 HPs)
             Began as a Minotaur Hexslinger on July 10, 2023.
             Slain by Natasha (7 damage)
             ... on level 2 of the Dungeon.
             The game lasted 00:00:26 (1443 turns).

qw the Shooter (Minotaur Hexslinger)                Turns: 1443, Time: 00:00:26

Health: -5/29      AC:  8    Str: 12    XL:     3   Next: 76%
Magic:  3/3        EV: 12    Int: 10    God:
Gold:   33         SH:  0    Dex: 14    Spells: 3/4 levels left

rFire   . . .        Y - +2 hand crossbow (elec)
rCold   . . .        (no shield)
rNeg    . . .        c - +0 robe
rPois   .            (helmet restricted)
rElec   .            (no cloak)
rCorr   .            i - +1 pair of gloves
SInv    .            (no boots)
Will    .....        (no amulet)
Stlth   +            h - +4 ring of protection
HPRegen 0.24/turn    (no ring)
MPRegen 0.08/turn

%: no passive effects
@: about to teleport
A: horns 2, retaliatory headbutt
a: no special abilities


You were on level 2 of the Dungeon.
You visited 1 branch of the dungeon, and saw 3 of its levels.

You collected 72 gold pieces.
You spent 39 gold pieces at shops.


Innate Abilities, Weirdness & Mutations

You have a pair of horns on your head.
You reflexively headbutt those who attack you in melee.


   Skills:
 - Level 2.0 Fighting
 + Level 4.3 Ranged Weapons
 - Level 2.1 Dodging
 - Level 1.0 Spellcasting
 - Level 2.0 Hexes


You had 3 spell levels left.
You knew the following spells:

 Your Spells              Type           Power      Damage    Failure   Level
a - Slow                  Hex            16%        N/A       16%         1

Your spell library contained the following spells:

 Spells                   Type           Power      Damage    Failure   Level
 Inner Flame              Hex/Fire       2%         N/A       56%         3
 Portal Projectile        Hex/Tloc       4%         N/A       56%         3
 Cause Fear               Hex            2%         N/A       83%         4

Inventory:

Hand Weapons
 Y - a +2 hand crossbow of electrocution (weapon)
Armour
 c - a +0 robe (worn)
 i - a +1 pair of gloves (worn)
Jewellery
 h - a +4 ring of protection (left hand)
Scrolls
 d - a scroll of teleportation
Potions
 a - a potion of heal wounds {unknown}
 e - a potion of haste {unknown}
 j - a potion of resistance {unknown}
 k - a potion of cancellation {unknown}
 l - a potion of curing

Dungeon Overview and Level Annotations

Branches:
Dungeon (3/15)

Altars:
Sif Muna

Shops:
D:2 !

Annotations:
D:2 Natasha


Message History

Natasha hisses angrily.
Natasha is severely wounded.
You shoot a bolt. The bolt closely misses Natasha.
Natasha claws you.
1436 ||| STAIRDANCE Natasha claws you.
You climb upwards.
There is a stone staircase leading down here.
Enter note:
Enter note:
Enter note:
Enter note:
Enter note:
Enter note:
Enter note:
Enter note:
Enter note: You shoot a bolt.
The bolt barely misses Natasha.
Natasha barely misses you. Natasha claws you but does no damage.
You shoot a bolt. The bolt barely misses Natasha.
Natasha claws you.
Natasha mumbles some strange words.
You shoot a bolt. The bolt closely misses Natasha.
Natasha claws you.
The cerulean imp hits you with a +2 spear.
You shoot a bolt. The bolt hits Natasha.
Natasha is severely wounded.
Natasha claws you! The cerulean imp misses you.
Natasha casts a spell.
The cerulean imp hits you with a +2 spear.
1442 ||| READING 2 scrolls of teleportation.
As you read the scroll of teleportation, it crumbles to dust.
You feel strangely unstable. Natasha misses you. The cerulean imp misses you.
You shoot a bolt. The bolt barely misses Natasha.
The bolt hits the cerulean imp!
You kill the cerulean imp!
The cerulean imp disappears in a puff of smoke!
Natasha claws you!
You die...

.....'.#
#.#..#######.#
######## #.#..###
#.# .# #.#(...# #.#
.# #.##.#.# #.# .#
##########.##.#.#
#.# .#
#...............#
#.# .#
#.########.##ยค###
#.# .# #.# #.##h#
#.# .# #.# #.##@#
#.# .# #.# #.##5##
#.# .# #.#
#.#...######.# .#
#.# #...#........#
.# #.#
######...########
.###.#
#............#######
.....#
#.#####.####.#######
.....# #.#
##.####.#######
)...## #.#
##.####.#######


You could see Natasha and a cerulean imp (summoned).

Vanquished Creatures
  An adder (D:2)
  A worm (D:2)
  A dart slug (D:1)
  7 bats
  6 endoplasms
  4 giant cockroaches
  4 goblins
  3 hobgoblins
  A quokka (D:1)
  8 ball pythons
  A frilled lizard (D:1)
  A kobold (D:2)
  3 rats (D:2)
41 creatures vanquished.

Notes
Turn   | Place    | Note
-------+----------+-------------------------------------------
     0 | D:1      | qw the Minotaur Hexslinger began the quest for the Orb.
     0 | D:1      | Reached XP level 1. HP: 16/16 MP: 1/1
     0 | D:1      | 0 ||| qw: Version: 0.3-a-52-g30416fa
     0 | D:1      | 0 ||| qw: Game counter: 4991
     0 | D:1      | 0 ||| qw: Melee chars always use a shield: true
     0 | D:1      | 0 ||| qw: God list: Okawaru
     0 | D:1      | 0 ||| qw: Allow faded altars: false
     0 | D:1      | 0 ||| qw: Do Orc after clearing Dungeon:15 true
     0 | D:1      | 0 ||| qw: Do second Lair branch before Depths: true
     0 | D:1      | 0 ||| qw: Lair rune preference: random
     0 | D:1      | 0 ||| qw: Goals: Normal
     0 | D:1      | 0 ||| PLANNING D:1-11
     2 | D:1      | 2 ||| SWAPPING to +2 hand crossbow of electrocution.
     3 | D:1      | 3 ||| DROPPING +1 sling.
   107 | D:1      | Reached skill level 3 in Ranged Weapons
   107 | D:1      | Reached XP level 2. HP: 23/23 MP: 2/2
   530 | D:1      | Found a faded altar of an unknown god.
   584 | D:1      | 584 ||| UPGRADING to +1 pair of gloves.
   589 | D:1      | 589 ||| UPGRADING to +4 ring of protection.
   590 | D:1      | 590 ||| READING 3 scrolls labelled YTTIRH ESTAE.
   594 | D:1      | 594 ||| READING scroll labelled UDEXODIJAR.
   640 | D:1      | 640 ||| READING scroll labelled WAZOSS XAUK.
   641 | D:1      | 641 ||| DROPPING scroll of poison.
   703 | D:2      | Found a shimmering blue altar of Sif Muna.
   711 | D:2      | Reached XP level 3. HP: 29/29 MP: 3/3
   794 | D:2      | Reached skill level 4 in Ranged Weapons
  1018 | D:2      | Found Fuxt's Distillery.
  1024 | D:2      | 1024 ||| SHOPLISTING 2 potions of curing (78 gold, have
                  | 44).
  1024 | D:2      | 1024 ||| SHOPLISTING 2 potions of heal wounds (130 gold,
                  | have 44).
  1024 | D:2      | 1024 ||| SHOPLISTING 2 potions of resistance (260 gold,
                  | have 44).
  1024 | D:2      | 1024 ||| BUYING potion of curing (39 gold).
  1024 | D:2      | Bought a potion of curing for 39 gold pieces
  1024 | D:2      | 1024 ||| SHOPLISTING potion of heal wounds (65 gold, have
                  | 5).
  1024 | D:2      | 1024 ||| SHOPLISTING potion of might (52 gold, have 5).
  1414 | D:2      | 1414 ||| READING scroll labelled SYSTOA HITIL.
  1415 | D:2      | 1415 ||| READING scroll labelled KOENKUOSKE.
  1416 | D:2      | 1416 ||| DRINKING 2 fizzy dark potions.
  1417 | D:2      | 1417 ||| DROPPING potion of magic.
  1433 | D:3      | Noticed Natasha
  1436 | D:3      | 1436 ||| STAIRDANCE
  1441 | D:2      | HP: 3/29 [Natasha (8)]
  1441 | D:2      | HP: 1/29 [cerulean imp/+2 spear[Natasha] (2)]
  1442 | D:2      | 1442 ||| READING 2 scrolls of teleportation.
  1443 | D:2      | Slain by Natasha

Levels and vault maps discovered:
D:1:      heliophobic_arrival_ceremonial_halls, layout_loops_ring,
          ebering_ecumenical_altar_ruins, minmay_pentomino_t2
D:2:      layout_loops_ring, basic_altar, serial_shops,
          nicolae_shop_rolling_square, kennysheep_cross_bottleneck
D:3:      layout_loops_ring, gammafunk_ghost_smash, uniq_natasha

Skill      XL: |  1  2  3 |
---------------+----------+-----
Ranged Weapons | 3 4 |  4.3
Fighting       | 2 |  2.0
Dodging        | |  2.1
Spellcasting   | |  1.0
Hexes          | |  2.0

Action                     || total
---------------------------++-------
   Fire: Hand crossbow     ||    66
    Use: Scroll            ||     6
         Potion            ||     1
 Armour: Robe              ||     7
  Dodge: Dodged            ||     5

Table legend:
 A = Non-vault XP
 B = Vault XP
 C = Vault XP percentage of total XP
 D = Non-vault monster count
 E = Vault monster count
 F = Vault count percentage of total count
                 A         B        C        D         E       F
            +---------+---------+-------+---------+---------+-------
      Total |      82 |       2 |   2.4 |      40 |       1 |   2.4
            +---------+---------+-------+---------+---------+-------
        D:1 |      33 |       2 |   5.7 |      18 |       1 |   5.3
        D:2 |      49 |       0 |   0.0 |      22 |       0 |   0.0
            +---------+---------+-------+---------+---------+-------
